 Dungeon Crawl Stone Soup version 0.21.1-1-g345015f (webtiles) character file.

14 tidbits the Charmwright (level 2, 12/26 HPs)
             Began as a Gnoll Skald on June 22, 2018.
             Quit the game on level 2 of the Dungeon.
             The game lasted 00:00:51 (70 turns).

tidbits the Charmwright (Gnoll Skald)                 Turns: 70, Time: 00:00:52

Health: 12/26      AC:  3    Str: 13    XL:     2   Next: 41%
Magic:  0/7        EV: 14    Int: 15    God:
Gold:   31         SH:  0    Dex: 14    Spells: 9/10 levels left

rFire    . . .     SeeInvis .   a - +0 hand axe
rCold    . . .     Gourm    .   (no shield)
rNeg     . . .     Faith    .   b - +0 leather armour
rPois    .         Spirit   .   (no helmet)
rElec    .         Reflect  .   (no cloak)
rCorr    .         Harm     .   (no gloves)
MR       .....                  (no boots)
Stlth    +.........             (no amulet)
HPRegen  0.08/turn              (no ring)
MPRegen  0.10/turn              (no ring)

@: infused
A: distributed training, fangs 1, strong nose
a: no special abilities


You were on level 2 of the Dungeon.
You were not hungry.

You visited 1 branch of the dungeon, and saw 2 of its levels.

You collected 31 gold pieces.

Inventory:

Hand Weapons
 a - a +0 hand axe (weapon)
Armour
 b - a +0 leather armour (worn)
Books
 c - a book of Battle

   Spells                             Type                      Level
   a - Infusion                       Charms                       1
   b - Shroud of Golubria             Charms/Translocation         2
   c - Song of Slaying                Charms                       2
   d - Spectral Weapon                Hexes/Charms                 3
   e - Regeneration                   Charms/Necromancy            3
Comestibles
 d - a ration


   Skills:
 + Level 4.5 Fighting
 + Level 0.4 Short Blades
 + Level 0.4 Long Blades
 + Level 4.5 Axes
 + Level 0.4 Maces & Flails
 + Level 0.4 Polearms
 + Level 0.4 Staves
 + Level 0.4 Slings
 + Level 0.4 Bows
 + Level 0.4 Crossbows
 + Level 0.4 Throwing
 + Level 2.5 Armour
 + Level 4.5 Dodging
 + Level 0.4 Stealth
 + Level 0.4 Shields
 + Level 0.4 Unarmed Combat
 + Level 4.9 Spellcasting
 + Level 0.2 Conjurations
 + Level 0.2 Hexes
 + Level 5.3 Charms
 + Level 0.2 Summonings
 + Level 0.2 Necromancy
 + Level 0.2 Translocations
 + Level 0.2 Transmutations
 + Level 0.2 Fire Magic
 + Level 0.2 Ice Magic
 + Level 0.2 Air Magic
 + Level 0.2 Earth Magic
 + Level 0.2 Poison Magic
 + Level 0.5 Invocations
 + Level 0.4 Evocations


You had 9 spell levels left.
You knew the following spells:

 Your Spells              Type           Power        Failure   Level  Hunger
i - Infusion              Chrm           ###.         2%          1    None


Dungeon Overview and Level Annotations

Branches:
Dungeon (2/15)

Altars:

Annotations:
D:2 Robin


Innate Abilities, Weirdness & Mutations

Your experience applies equally to all skills.
You have very sharp teeth.
Your uncanny sense of smell can sniff out nearby items.


Message History

You closely miss the hobgoblin.
The hobgoblin is heavily wounded.
The hobgoblin closely misses you.
Your leather armour prevents you from hitting the hobgoblin.
The hobgoblin is heavily wounded.
The hobgoblin barely misses you.
You barely miss the hobgoblin.
The hobgoblin is heavily wounded.
The hobgoblin closely misses you.
You hit the hobgoblin.
You kill the hobgoblin!
Things that are here:
a club; a scroll labeled CEADIP CELLEDD; a hobgoblin corpse
e - a scroll labeled CEADIP CELLEDD You open the door.
Found 25 bolts.
There is an open door here.
Things that are here:
a club; a hobgoblin corpse
Found 10 gold pieces.
Found 10 gold pieces.
Found 11 gold pieces.
Found a helmet.
Your magical infusion is running out.
You see here 10 gold pieces.
You now have 10 gold pieces.
You see here 10 gold pieces.
You now have 20 gold pieces (gained 10).
You see here 11 gold pieces.
You now have 31 gold pieces (gained 11).
You are no longer magically infusing your attacks.
Found a scroll labeled HEEXOU QENELE. 2 hobgoblins come into view.
The hobgoblin shouts! x2; You hear a shout! x2
A goblin comes into view.
The goblin shouts!
Casting: Infusion
Confirm with . or Enter, or press ? or * to list all spells.
You begin infusing your attacks with magical energy.
You hear a shout! x3 2 goblins come into view.
You hear a shout! x2
A goblin comes into view. 4 goblins, a hobgoblin and Robin come into view.
Robin shouts!
The goblin shouts! x4; The hobgoblin shouts!
The goblin moves out of view.
You hit the hobgoblin!
You kill the hobgoblin!
Robin throws the goblin at you! The goblin closely misses you.
You hit the hobgoblin.
You kill the hobgoblin!
You hit the goblin. Robin throws the goblin at you!
The goblin hits you but does no damage. The goblin barely misses you.
You barely miss the goblin. You bite the goblin, but do no damage.
You hit the goblin.
You kill the goblin!
You hit the goblin.
You kill the goblin!
You have reached level 2!
Robin throws the goblin at you! The goblin completely misses you.
The goblin hits you but does no damage.
You hit the goblin.
The goblin is moderately wounded.
You hit the goblin. You hit the goblin but do no damage.
The goblin closely misses you. The goblin hits you with a dagger.
The goblin closely misses you.
You closely miss the goblin.
The goblin is moderately wounded.
You barely miss the goblin. You hit the goblin.
You kill the goblin!
Robin roars a battlecry!
The goblins go into a battle-frenzy!
The goblin closely misses you. The goblin hits you with a dagger.
The goblin barely misses you.
You closely miss the goblin. Your bite misses the goblin.
The goblin is moderately wounded.
You hit the goblin.
You kill the goblin!
You hit the goblin. Robin throws the goblin at you!
The goblin closely misses you.
The goblin hits you but does no damage. x2
You aren't carrying any potions.
Unknown command.
You hit the goblin!
You kill the goblin!
You barely miss the goblin. You hit the goblin.
You kill the goblin!
Robin hits you from afar with a spear. The goblin hits you but does no damage.
You hit the goblin.
You kill the goblin!
Items here: ( ))) † a dagger; a hunting sling; 28 stones; a dagger; a goblin corpse You aren't carrying any potions.
Unknown command.
As you read the scroll labeled CEADIP CELLEDD, it crumbles to dust.
You feel blessed for a moment.
It was a scroll of remove curse.
The hobgoblin barely misses you. Robin throws the goblin at you!
The goblin hits you.
* * * LOW HITPOINT WARNING * * *
Unknown command.
Are you sure you want to abandon this character and quit the game? (Confirm with "yes".)

#.##### #.#
.# #.# .#
#.## .# ∆
###..#####.#
#..........#
#..........#
#..........#
#####.g###.#
##@## .#
#g.# .# ##g#
.# .[# .#
.... .....#
......#
.......#
#######..


You could see Robin, a hobgoblin and a goblin.

Vanquished Creatures
  7 goblins (D:2)
  3 hobgoblins (D:2)
10 creatures vanquished.

Notes
Turn   | Place    | Note
-------+----------+-------------------------------------------
     0 | D:1      | tidbits the Gnoll Skald began the quest for the Orb.
     0 | D:1      | Reached XP level 1. HP: 20/20 MP: 6/6
    59 | D:2      | Noticed Robin
    62 | D:2      | Reached XP level 2. HP: 25/26 MP: 0/7
    70 | D:2      | Quit the game

Action                   || total
-------------------------++-------
Melee: Hand axe          ||    14
       Bite              ||     1
 Cast: Infusion          ||     2
  Use: Scroll            ||     1
Armor: Leather armour    ||     4
Dodge: Dodged            ||    13

Table legend:
 A = Turns spent in this place as a percentage of turns spent in the entire game.
 B = Non-inter-level travel turns spent in this place as a percentage of non-inter-level travel turns spent in the entire game.
 C = Inter-level travel turns spent in this place as a percentage of turns spent in this place.
 D = Turns resting spent in this place as a percentage of non-inter-level travel turns spent in this place.
 E = Turns spent auto-exploring this place as a percentage of non-inter-level travel turns spent in this place.
 F = Non-inter-level travel turns spent in this place divided by the number of levels of this place that you've seen.
                   A       B       C       D       E      F
               +-------+-------+-------+-------+-------+----------------------
         Total | 100.0 | 100.0 |   0.0 |   0.0 |   0.0 |  35.0
       Dungeon | 100.0 | 100.0 |   0.0 |   0.0 |   0.0 |  35.0
               +-------+-------+-------+-------+-------+----------------------

Table legend:
 A = Kills in this place as a percentage of kills in entire the game.
 B = Kills by you in this place as a percentage of kills by you in the entire game.
 C = Kills by friends in this place as a percentage of kills by friends in the entire game.
 D = Other kills in this place as a percentage of other kills in the entire game.
 E = Experience gained in this place as a percentage of experience gained in the entire game.
 F = Experience gained in this place divided by the number of levels of this place that you have seen.
                   A       B       C       D       E      F
               +-------+-------+-------+-------+-------+----------------------
         Total | 100.0 | 100.0 |   N/A |   N/A | 100.0 |  10.0
       Dungeon | 100.0 | 100.0 |   N/A |   N/A | 100.0 |  10.0
               +-------+-------+-------+-------+-------+----------------------

Vault maps used:
D:1:      saegor_arrival_miasma, minmay_door_square, minivault_14
D:2:      hangedman_decor_points, uniq_robin
